Map: [EWC] Site Delta

Players

herO

  • Race: Protoss Protoss
  • Spawn Location: 5:00

Serral - Winner!

  • Race: Zerg Zerg
  • Spawn Location: 11:00

Event: Esports World Cup 2024

VOD

Have the link to the VOD?

Description

Time

  • Played on: Aug. 16, 2024, 2:25 p.m.
  • Length: 38:31

All games in this series

Show
View Real Time Build Order
Export as new Build Order

herO Protoss 

Build Orders: 1 Gate Expand, Oracle Opening 

Get SALT Encoding   

  12  0:00  Probe  
  13  0:12  Probe  
  14  0:17  Pylon  
  14  0:24  Probe  
  15  0:35  Gateway  
  15  0:37  Probe (Chrono Boost)  
  16  0:45  Assimilator  
  16  0:49  Probe (Chrono Boost)  
  17  0:54  Probe (Chrono Boost)  
  18  1:04  Probe  
  19  1:16  Probe  
  20  1:22  Cybernetics Core  
  20  1:31  Nexus  
  20  1:37  Pylon  
  20  1:40  Probe  
  20  1:45  Assimilator  
  21  1:52  Probe  
  22  1:56  Adept (Chrono Boost)  
  24  2:04  Probe  
  25  2:14  Stargate  
  25  2:16  Adept (Chrono Boost), Probe  
  28  2:28  Warp Gate, Probe  
  29  2:39  Adept  
  29  2:44  Probe (Chrono Boost)  
  33  2:45  Probe (Chrono Boost)  
  33  2:56  Probe (Chrono Boost)  
  35  2:59  Probe (Chrono Boost)  
  35  3:00  Oracle (Chrono Boost)  
  35  3:01  Probe (Chrono Boost)  
  39  3:07  Probe  
  39  3:08  Pylon  
  39  3:10  Probe  
  28  3:12  Adept  
  43  3:21  Probe  
  43  3:22  Probe  
  45  3:32  Oracle (Chrono Boost)  
  48  3:38  Nexus  
  48  3:41  Pylon  
  48  3:44  Probe  
  48  3:45  Probe  
  50  3:50  Pylon  
  50  3:56  Probe  
  50  3:57  Probe  
  50  3:59  Assimilator  
  50  4:01  Assimilator  
  52  4:03  Oracle (Chrono Boost)  
  52  4:08  Probe  
  52  4:09  Probe  
  57  4:15  Forge  
  57  4:20  Probe  
  57  4:21  Probe  
  57  4:22  Twilight Council  
  59  4:27  Adept  
  61  4:32  Probe  
  61  4:33  Probe  
  61  4:36  Protoss Ground Weapons Level 1 (Chrono Boost)  
  61  4:37  Pylon  
  63  4:39  Gateway  
  63  4:46  Probe x2  
  63  4:51  Probe  
  66  4:53  Blink (Chrono Boost)  
  66  4:54  Gateway  
  66  4:57  Gateway  
  66  4:59  Adept  
  68  5:03  Probe (Chrono Boost)  
  68  5:04  Probe x2 (Chrono Boost)  
  74  5:14  Probe (Chrono Boost)  
  74  5:18  Probe x2 (Chrono Boost)  
  74  5:19  Stalker  
  74  5:21  Gateway, Probe (Chrono Boost)  
  76  5:26  Probe x2  
  79  5:35  Probe  
  78  5:38  Probe x2  
  78  5:45  Stalker  
  78  5:46  Stalker  
  76  5:51  Probe x3  
  76  5:54  Pylon  
  76  5:55  Stalker x2, Photon Cannon  
  76  5:56  Shield Battery  
  81  5:59  Pylon  
  81  6:00  Pylon  
  81  6:04  Probe x2  
  81  6:05  Probe  
  84  6:11  Stalker x2  
  84  6:14  Assimilator  
  84  6:16  Assimilator, Probe x2  
  90  6:19  Stalker x2  
  90  6:23  Protoss Ground Armor Level 1 (Chrono Boost)  
  90  6:25  Stalker  
  96  6:28  Forge  
  96  6:39  Charge (Chrono Boost), Stalker  
  97  6:40  Stalker  
  97  6:42  Probe  
  97  6:46  Gateway  
  100  6:47  Gateway  
  100  6:48  Pylon  
  100  6:51  Stalker x2  
  104  7:07  Protoss Ground Weapons Level 2 (Chrono Boost)  
  104  7:12  Templar Archives  
  104  7:13  Nexus  
  104  7:15  Photon Cannon  
  104  7:16  Shield Battery  
  104  7:18  Gateway  
  104  7:21  Probe x3  
  107  7:26  Pylon  
  107  7:27  Stalker x3  
  113  7:30  Robotics Facility  
  112  7:38  Stalker x2  
  112  7:40  Probe x3  
  119  7:45  Shield Battery  
  119  7:47  Photon Cannon  
  119  7:49  High Templar x2  
  123  7:54  Zealot  
  123  7:55  Zealot  
  123  7:58  Probe x3  
  130  8:01  Psionic Storm  
  130  8:09  Assimilator, High Templar  
  132  8:13  Assimilator  
  132  8:16  Gateway  
  132  8:17  Gateway  
  132  8:19  Gateway  
  132  8:20  Pylon x2  
  132  8:22  Warp Prism (Chrono Boost), Photon Cannon  
  134  8:31  High Templar x3  
  140  8:35  Zealot x3, High Templar  
  140  8:39  Archon x2  
  148  8:42  Probe x4  
  148  8:46  Photon Cannon  
  148  8:47  Photon Cannon  
  152  8:55  Observer (Chrono Boost)  
  153  9:03  Protoss Ground Armor Level 2 (Chrono Boost)  
  153  9:06  Immortal (Chrono Boost)  
  153  9:07  Zealot x3  
  163  9:22  Pylon  
  163  9:25  Pylon x2  
  163  9:27  Pylon  
  163  9:36  Protoss Ground Weapons Level 3 (Chrono Boost)  
  162  9:40  Immortal (Chrono Boost)  
  162  9:44  Fleet Beacon  
  166  9:48  Robotics Facility, Probe  
  166  9:51  Photon Cannon  
  167  9:53  Shield Battery, Photon Cannon x2  
  167  9:54  Pylon  
  167  9:55  Photon Cannon  
  167  9:58  Pylon  
  167  10:03  High Templar x2  
  167  10:04  High Templar x3, Photon Cannon  
  167  10:05  Zealot x2, Photon Cannon  
  181  10:07  Photon Cannon  
  181  10:09  Archon x2  
  181  10:11  Pylon  
  181  10:12  Immortal  
  189  10:29  Zealot x3  
  189  10:32  Mothership (Chrono Boost)  
  189  10:34  Zealot  
  197  10:35  Phoenix (Chrono Boost)  
  197  10:36  Photon Cannon  
  197  10:37  Nexus  
  198  10:59  High Templar  
  198  11:06  Protoss Ground Armor Level 3 (Chrono Boost)  
  198  11:08  Zealot x2  
  186  11:24  Immortal  
  182  11:32  Immortal  
  182  11:35  Nexus  
  174  11:41  Stalker x6  
  174  11:42  Stalker  
  188  11:47  Zealot x4  
  173  12:06  Protoss Shields Level 1 (Chrono Boost)  
  168  12:10  Zealot x2  
  168  12:11  Zealot  
  133  12:17  Observer x2 (Chrono Boost)  
  133  12:18  Tempest (Chrono Boost)  
  115  12:23  Zealot x4  
  115  12:29  Cybernetics Core  
  127  12:31  Mothership (Chrono Boost)  
  127  12:36  Immortal x2 (Chrono Boost)  
  120  12:40  Pylon  
  120  12:41  Zealot x3  
  134  12:44  Zealot x4  
  134  12:49  Pylon  
  142  12:53  Tempest  
  143  13:02  Zealot x3  
  143  13:03  Zealot x2  
  147  13:12  Immortal x2  
  155  13:18  Nexus  
  155  13:19  Pylon  
  155  13:22  High Templar x2  
  155  13:23  High Templar x3  
  165  13:28  Archon x2, High Templar x2  
  165  13:29  High Templar x2  
  165  13:33  Archon x2  
  173  13:37  Photon Cannon  
  173  13:42  Photon Cannon  
  173  13:43  Shield Battery  
  173  13:47  Photon Cannon  
  171  13:51  Immortal  
  171  14:00  High Templar x3  
  171  14:01  Zealot x4  
  178  14:08  Observer  
  177  14:10  Zealot  
  175  14:28  Immortal (Chrono Boost)  
  179  14:35  Immortal (Chrono Boost)  
  179  14:45  Pylon  
  179  14:46  Pylon x3  
  179  14:57  Nexus, Pylon  
  179  14:58  Pylon  
  179  15:00  Pylon  
  179  15:06  Observer (Chrono Boost)  
  180  15:07  Photon Cannon  
  180  15:09  Oracle (Chrono Boost)  
  180  15:10  Observer (Chrono Boost)  
  184  15:23  Photon Cannon x2  
  184  15:24  Shield Battery, Photon Cannon  
  182  15:37  Nexus  
  182  15:40  Zealot x2  
  182  15:41  Zealot x2  
  171  15:52  Zealot x2  
  171  15:53  Zealot  
  175  15:58  Shield Battery  
  175  16:15  Zealot x2, High Templar x4  
  175  16:16  Zealot  
  188  16:19  Archon x2  
  188  16:21  Observer x2  
  190  16:30  Assimilator x2  
  183  16:45  Zealot x3  
  184  16:51  High Templar x2  
  184  16:52  High Templar x2  
  192  16:58  Protoss Shields Level 2 (Chrono Boost)  
  192  16:59  Immortal x2 (Chrono Boost)  
  192  17:00  Archon  
  190  17:06  Shield Battery  
  197  17:55  Photon Cannon  
  197  17:56  Photon Cannon  
  197  17:59  Photon Cannon x2  
  197  18:01  Pylon  
  197  18:04  Observer  
  198  18:09  Oracle (Chrono Boost)  
  199  18:16  Pylon  
  199  18:18  Pylon  
  199  18:30  Pylon  
  199  18:33  Assimilator x2  
  197  18:36  Tempest (Chrono Boost)  
  197  18:39  Stargate x2  
  196  18:44  Photon Cannon  
  196  18:46  Shield Battery  
  196  18:49  Nexus x2  
  196  18:50  Shield Battery  
  196  18:52  Photon Cannon  
  196  18:59  High Templar x2  
  198  19:07  Photon Cannon  
  192  19:10  Photon Cannon  
  192  19:21  Assimilator  
  192  19:24  Protoss Air Weapons Level 1 (Chrono Boost)  
  192  19:26  Assimilator  
  192  19:30  Photon Cannon  
  187  19:38  Tempest x2 (Chrono Boost)  
  197  19:54  Tempest (Chrono Boost)  
  197  19:58  Protoss Shields Level 3 (Chrono Boost)  
  185  20:31  Tempest x3 (Chrono Boost)  
  195  20:55  Pylon  
  195  21:04  Observer  
  196  21:17  Photon Cannon  
  196  21:18  Photon Cannon x2  
  196  21:19  Pylon  
  196  21:20  Shield Battery, Protoss Air Weapons Level 2 (Chrono Boost)  
  196  21:21  Shield Battery  
  193  21:31  Dark Shrine  
  189  21:48  Nexus  
  189  21:50  Pylon  
  189  21:52  Photon Cannon  
  149  22:35  Archon  
  127  22:39  Stalker x7  
  127  22:43  Flux Vanes  
  123  22:54  Void Ray x3 (Chrono Boost)  
  121  23:14  Probe x3  
  121  23:15  Probe x3  
  121  23:17  High Templar x7  
  141  23:26  Probe  
  141  23:27  Void Ray x3 (Chrono Boost), Probe x4  
  157  23:28  Probe, Photon Cannon  
  157  23:31  Photon Cannon  
  159  23:36  Pylon  
  159  23:37  Observer  
  159  23:38  Probe  
  159  23:39  Assimilator, Probe  
  154  23:43  Assimilator  
  162  23:57  Void Ray x2 (Chrono Boost), Photon Cannon  
  162  24:12  High Templar  
  162  24:13  High Templar  
  162  24:15  Zealot x5  
  176  24:22  Archon  
  176  24:28  Probe x3  
  176  24:30  Photon Cannon  
  179  24:32  Shield Battery  
  179  24:41  Oracle (Chrono Boost)  
  178  24:45  High Templar x2  
  178  24:46  Zealot x4  
  183  25:10  Tempest (Chrono Boost)  
  183  25:11  Tempest (Chrono Boost)  
  193  25:21  Zealot x3  
  195  25:31  Nexus  
  195  25:32  Tempest (Chrono Boost), Pylon  
  198  25:40  Observer  
  199  25:45  Pylon  
  193  26:11  Oracle (Chrono Boost)  
  194  26:57  Gateway x2  
  194  27:00  Photon Cannon  
  194  27:03  Photon Cannon  
  194  27:04  Pylon  
  194  27:06  Shield Battery  
  194  27:07  High Templar x4, Photon Cannon  
  200  27:11  Archon x2  
  196  27:21  Tempest x2 (Chrono Boost)  
  197  28:05  Zealot  
  199  28:16  Photon Cannon  
  199  28:18  Shield Battery  
  199  28:28  Carrier x3  
  191  28:46  Mothership (Chrono Boost)  
  197  29:02  Photon Cannon  
  197  29:06  Zealot  
  195  29:30  Protoss Air Weapons Level 3 (Chrono Boost)  
  192  29:47  Nexus  
  192  29:49  Pylon  
  192  29:50  Pylon  
  189  29:55  Pylon  
  189  29:59  Pylon  
  189  30:00  Oracle (Chrono Boost)  
  189  30:01  Oracle (Chrono Boost)  
  186  30:22  Tempest (Chrono Boost)  
  186  30:27  Tempest (Chrono Boost)  
  186  30:28  Tempest (Chrono Boost)  
  199  31:00  Carrier (Chrono Boost)  
  191  31:05  Carrier (Chrono Boost)  
  191  31:06  Carrier (Chrono Boost)  
  191  31:07  Nexus  
  195  31:12  Pylon  
  195  31:13  Zealot x2  
  199  31:32  Pylon  
  195  31:47  Pylon  
  195  31:53  Photon Cannon  
  193  31:54  Oracle (Chrono Boost), Photon Cannon  
  193  31:55  Shield Battery  
  193  31:56  Shield Battery  
  193  31:59  Shield Battery  
  194  32:38  Shield Battery, Nexus  
  194  32:52  Photon Cannon  
  194  32:57  Zealot x9  
  196  33:02  Photon Cannon  
  196  33:04  Shield Battery  
  196  33:10  Observer  
  179  33:27  Assimilator  
  171  33:28  Assimilator  
  150  33:52  Stalker x9  
  125  34:28  High Templar x9  
  69  35:00  Stalker  
  69  35:01  Stalker x8  
  83  35:13  Oracle (Chrono Boost)  
  82  35:47  Robotics Facility  
  82  35:51  Oracle (Chrono Boost)  
  85  36:08  High Templar x5  
  85  36:10  High Templar  
  97  36:12  Archon x2  
  97  36:16  Archon  
  91  36:54  High Templar  
  91  36:55  High Templar x4  
  91  36:56  Zealot x2  
  91  36:57  Zealot  
  91  37:00  Observer (Chrono Boost)  
  108  37:05  Archon  
  108  37:07  Archon  
  108  37:13  Observer (Chrono Boost)  
  76  38:14  Observer (Chrono Boost)  
  76  38:16  Nexus  
  76  38:17  Pylon  
Show
View Real Time Build Order
Export as new Build Order

Serral Zerg - Winner!

Build Orders: Hatch First, Lurkers, Roach Hydra 

Get SALT Encoding   

  12  0:00  Drone  
  13  0:08  Drone  
  14  0:16  Overlord  
  14  0:40  Drone  
  15  0:44  Hatchery  
  15  0:47  Drone  
  15  0:51  Drone  
  15  0:55  Drone  
  17  1:02  Drone  
  18  1:09  Extractor  
  17  1:15  Spawning Pool  
  17  1:18  Drone  
  17  1:23  Drone  
  18  1:34  Drone  
  19  1:45  Drone  
  20  1:55  Overlord  
  20  1:59  Drone  
  21  2:02  Queen x2  
  21  2:06  Zergling x2  
  21  2:07  Zergling x2  
  27  2:11  Metabolic Boost  
  27  2:17  Drone x2  
  29  2:31  Drone  
  29  2:32  Drone  
  29  2:36  Hatchery  
  30  2:43  Queen  
  32  2:48  Zergling x2  
  32  2:49  Overlord  
  33  2:52  Zergling x2  
  33  2:54  Zergling x2  
  35  3:01  Overlord  
  35  3:02  Drone  
  36  3:09  Queen  
  36  3:10  Drone  
  36  3:12  Drone  
  40  3:14  Drone  
  40  3:17  Drone  
  40  3:18  Drone  
  43  3:22  Drone x2  
  45  3:28  Queen  
  45  3:32  Overlord  
  47  3:34  Drone  
  47  3:36  Drone  
  47  3:38  Drone  
  50  3:41  Drone x2  
  52  3:50  Queen, Overlord  
  52  3:52  Spore Crawler  
  52  3:55  Spore Crawler  
  52  3:57  Drone  
  52  3:58  Drone  
  54  4:03  Drone x3  
  54  4:06  Drone  
  54  4:09  Drone x2  
  60  4:16  Drone x2  
  60  4:17  Drone  
  63  4:20  Overlord  
  63  4:22  Zergling x2  
  63  4:23  Drone  
  65  4:26  Drone x4, Extractor  
  65  4:31  Overlord  
  68  4:32  Drone  
  68  4:33  Drone x2  
  68  4:37  Drone  
  71  4:41  Drone  
  68  4:45  Drone x2  
  68  4:51  Lair  
  70  4:55  Drone x7  
  77  5:02  Zergling x4  
  77  5:03  Overlord  
  79  5:10  Extractor  
  79  5:13  Drone x2, Roach Warren  
  79  5:19  Zergling x6  
  82  5:21  Spore Crawler  
  82  5:24  Zergling x2  
  82  5:25  Drone x3  
  82  5:27  Drone  
  86  5:28  Hatchery  
  86  5:33  Drone x2  
  85  5:35  Zergling x4  
  85  5:39  Drone x2  
  85  5:42  Drone  
  87  5:43  Drone x2  
  87  5:44  Drone  
  87  5:46  Drone  
  87  5:47  Drone  
  89  5:50  Drone x3  
  89  5:52  Extractor x2  
  89  5:53  Glial Reconstitution  
  89  5:54  Extractor  
  89  5:55  Overlord, Extractor  
  89  5:56  Evolution Chamber  
  87  5:58  Roach  
  87  5:59  Infestation Pit  
  88  6:05  Roach x3  
  88  6:06  Zergling x4  
  88  6:09  Overlord  
  96  6:17  Overlord  
  96  6:18  Overlord  
  96  6:19  Zergling x4, Roach x3  
  96  6:22  Overlord  
  96  6:23  Overlord  
  96  6:25  Overseer  
  104  6:29  Zerg Missile Weapons Level 1  
  104  6:33  Overlord  
  104  6:36  Drone  
  104  6:37  Drone x3  
  104  6:39  Hydralisk Den  
  107  6:42  Queen  
  107  6:44  Zergling x8  
  107  6:45  Zergling x4  
  114  6:52  Zergling x12  
  120  6:57  Zergling x4  
  119  7:01  Zergling x2  
  119  7:03  Hive  
  119  7:06  Queen  
  119  7:07  Queen  
  121  7:09  Roach x4  
  129  7:19  Overlord, Lurker Den  
  129  7:20  Drone x6  
  134  7:24  Zergling x4, Roach x2  
  134  7:25  Zergling x2  
  140  7:32  Overlord  
  140  7:35  Drone x3  
  140  7:37  Drone x3  
  140  7:38  Drone x3  
  142  7:45  Drone  
  142  7:46  Drone x3, Extractor x2  
  142  7:48  Grooved Spines  
  142  7:49  Hydralisk x3  
  150  7:55  Hydralisk  
  150  7:56  Hydralisk x2  
  156  8:05  Hydralisk x2  
  152  8:06  Zergling x8  
  152  8:12  Drone  
  161  8:17  Lurker x3, Seismic Spines  
  161  8:18  Overlord x4  
  164  8:23  Zerg Missile Weapons Level 2  
  164  8:25  Lurker x3  
  167  8:27  Overlord  
  165  8:36  Lurker  
  165  8:38  Muscular Augments, Evolution Chamber  
  165  8:39  Lurker  
  166  8:42  Drone x3  
  166  8:44  Spine Crawler, Spore Crawler  
  166  8:48  Spore Crawler  
  166  8:53  Nydus Network  
  165  8:55  Queen  
  165  8:56  Queen x2  
  165  8:59  Hatchery  
  170  9:04  Hydralisk x2  
  170  9:05  Zergling x2, Hydralisk x2  
  178  9:13  Hydralisk x2  
  178  9:14  Adaptive Talons, Hydralisk  
  184  9:18  Zerg Melee Weapons Level 1  
  184  9:19  Adrenal Glands  
  182  9:34  Hydralisk x2  
  182  9:35  Zergling x22  
  196  9:43  Hatchery, Lurker  
  196  9:44  Lurker x3  
  199  9:56  Overlord  
  198  10:02  Overlord x2  
  193  10:17  Lurker x5, Spire  
  195  10:22  Nydus Canal  
  195  10:26  Zergling x12  
  195  10:27  Overseer  
  197  10:47  Queen x3  
  199  10:50  Nydus Canal  
  199  10:54  Zerg Ground Armor Level 1  
  198  10:59  Zergling x2  
  198  11:02  Overlord  
  198  11:03  Hatchery  
  194  11:10  Queen  
  187  11:14  Nydus Canal  
  187  11:16  Hydralisk x7  
  198  11:23  Queen, Zerg Melee Weapons Level 2  
  190  11:37  Hydralisk x2  
  190  11:38  Zergling x12  
  196  11:42  Greater Spire  
  192  12:02  Hydralisk x4  
  186  12:11  Hydralisk x2  
  186  12:12  Zergling x8  
  189  12:18  Hatchery  
  188  12:24  Mutalisk, Swarm Host  
  191  12:31  Nydus Canal  
  191  12:33  Hatchery, Overseer x3  
  191  12:34  Overseer x2  
  191  12:35  Pneumatized Carapace  
  184  12:38  Hydralisk x6  
  191  12:46  Nydus Canal  
  191  12:52  Lurker x2  
  191  12:54  Overlord x2  
  191  12:58  Overlord  
  189  13:08  Zerg Missile Weapons Level 3  
  189  13:12  Lurker x3  
  190  13:13  Lurker x4  
  196  13:22  Drone x2  
  198  13:30  Extractor  
  198  13:31  Nydus Canal  
  198  13:32  Extractor  
  196  13:34  Overseer  
  196  13:38  Spine Crawler  
  196  13:40  Spine Crawler x2, Zergling x14  
  198  13:42  Spine Crawler  
  193  14:00  Nydus Canal  
  193  14:02  Overlord  
  187  14:12  Zergling x2, Hydralisk x2  
  187  14:13  Zergling x2  
  183  14:24  Corruptor x11  
  189  14:39  Drone x3  
  189  14:40  Drone x3, Hatchery  
  189  14:43  Zerg Melee Weapons Level 3  
  189  14:44  Hatchery  
  190  14:47  Spore Crawler  
  190  14:51  Spine Crawler  
  190  14:52  Queen x4, Zergling x16  
  176  15:03  Hydralisk x4  
  184  15:14  Lurker x2  
  183  15:15  Overseer x2  
  183  15:17  Drone x2  
  183  15:19  Hydralisk x2  
  183  15:20  Spine Crawler, Zergling x6  
  183  15:21  Spore Crawler  
  188  15:22  Spore Crawler  
  188  15:28  Queen x3, Burrow  
  188  15:38  Zergling x20  
  196  15:45  Lurker x3  
  196  15:48  Overseer  
  193  15:55  Zergling x8  
  191  16:02  Corruptor x5  
  195  16:10  Viper, Overseer x3  
  198  16:21  Lurker  
  199  16:27  Nydus Canal  
  189  16:46  Drone x3  
  183  16:50  Infestor  
  183  16:51  Infestor x2  
  183  16:53  Lurker x4  
  186  17:14  Brood Lord x5  
  196  17:22  Nydus Canal  
  196  17:29  Corruptor x2  
  198  17:41  Corruptor  
  198  17:43  Nydus Canal  
  198  17:59  Brood Lord  
  198  18:05  Spore Crawler, Extractor x2  
  197  18:06  Spine Crawler  
  197  18:08  Overseer  
  194  18:14  Brood Lord x2  
  194  18:16  Overseer  
  194  18:18  Zerg Flyer Weapons Level 1  
  198  18:21  Roach  
  198  18:30  Spore Crawler x2  
  196  18:35  Zerg Ground Armor Level 2  
  196  18:38  Neural Parasite, Hatchery  
  195  18:45  Drone  
  195  18:47  Drone  
  194  18:48  Brood Lord  
  194  18:50  Infestor  
  198  18:58  Hatchery  
  197  19:21  Zergling x4  
  199  19:24  Hatchery  
  198  19:39  Overlord x2  
  198  19:40  Overlord  
  197  20:01  Overlord  
  197  20:02  Infestor, Spore Crawler  
  198  20:12  Zerg Flyer Armor Level 1  
  196  20:25  Corruptor  
  196  20:27  Nydus Canal  
  198  20:42  Corruptor  
  196  20:48  Drone  
  198  20:53  Drone  
  199  21:00  Extractor  
  199  21:01  Hatchery  
  199  21:02  Extractor  
  193  21:11  Infestor x2  
  197  21:18  Zerg Ground Armor Level 3  
  198  21:32  Drone  
  198  21:33  Drone x2  
  198  21:35  Spore Crawler x2  
  198  21:39  Spine Crawler  
  197  21:40  Spine Crawler  
  196  21:49  Extractor  
  196  21:51  Viper, Extractor  
  196  21:52  Corruptor  
  199  21:56  Overseer  
  199  22:05  Corruptor x3  
  199  22:06  Zerg Flyer Weapons Level 2  
  194  22:13  Hydralisk x7  
  194  22:14  Hydralisk  
  184  22:29  Corruptor x5  
  192  22:40  Drone x8  
  189  22:51  Lurker x8  
  196  22:55  Hatchery  
  195  23:05  Drone x2  
  197  23:08  Drone x3  
  197  23:17  Overlord  
  194  23:35  Spore Crawler  
  193  23:44  Spore Crawler x2, Corruptor x3  
  193  23:45  Spore Crawler  
  193  23:46  Nydus Canal  
  193  23:48  Overseer  
  196  23:49  Overlord  
  196  23:55  Drone x3  
  199  24:17  Overlord  
  199  24:28  Drone x3  
  199  24:32  Zergling x2  
  200  24:58  Zergling x4  
  200  25:12  Zerg Flyer Armor Level 2  
  200  25:13  Drone  
  200  25:17  Infestor x7  
  199  25:24  Zergling x4  
  194  26:06  Viper, Brood Lord  
  194  26:09  Overseer  
  199  26:15  Overseer  
  198  26:22  Drone x3  
  194  26:39  Hatchery  
  193  26:44  Corruptor x3  
  196  27:05  Infestor x2  
  196  27:06  Hatchery  
  197  27:17  Drone  
  197  27:18  Drone  
  199  27:23  Infestor x9  
  199  27:47  Infestor x9  
  199  27:53  Overseer, Overlord  
  199  27:54  Overlord  
  199  27:56  Corruptor  
  192  28:13  Extractor  
  192  28:15  Extractor  
  190  28:20  Drone, Hatchery  
  190  28:29  Overseer  
  178  28:39  Infestor x2  
  178  28:40  Infestor  
  182  28:42  Viper  
  182  28:46  Brood Lord x4  
  193  28:49  Corruptor x3  
  193  28:51  Hatchery  
  198  29:01  Extractor  
  198  29:02  Drone x2  
  199  29:04  Drone, Extractor  
  199  29:08  Hatchery  
  198  29:20  Drone  
  198  29:31  Drone  
  198  29:47  Corruptor  
  200  30:00  Spore Crawler  
  200  30:01  Spore Crawler x2  
  200  30:02  Drone x3  
  200  30:06  Hatchery  
  199  30:21  Infestor  
  197  30:27  Drone  
  200  30:34  Zerg Flyer Armor Level 3  
  200  30:49  Infestor x10  
  196  32:30  Drone x3  
  196  32:35  Zergling x8  
  200  32:58  Spore Crawler, Drone x3  
  193  32:59  Infestor x10, Drone x2  
  193  33:00  Zergling x10  
  200  33:11  Hatchery  
  192  33:16  Zergling x14  
  186  33:21  Hydralisk x2  
  186  33:27  Hydralisk  
  186  33:47  Corruptor x3  
  170  33:59  Corruptor x7  
  170  34:02  Lurker x2  
  129  34:58  Hydralisk x4  
  121  35:02  Hydralisk x2  
  121  35:03  Zergling x12  
  140  35:09  Infestor x7  
  140  35:15  Hatchery  
  140  35:20  Hydralisk x3  
  136  35:26  Lurker  
  136  35:27  Lurker x4  
  141  35:34  Lurker  
  139  36:11  Lurker  
  139  36:12  Lurker  
  141  36:38  Lurker  
  140  36:55  Drone  
  140  36:57  Zergling x2  
  140  36:59  Viper x2  
  148  37:04  Overseer  
  147  37:30  Hatchery  
  134  37:50  Brood Lord  
  136  38:10  Drone x2  
Tags
 
Add a new tag
Caveats
  • Supply blocks, unpowered buildings, or Contaminate may cause inaccurate times.
  • Supply counts are checked every 10 seconds.